 Dungeon Crawl Stone Soup version 0.21-a0-348-ga060c75 (webtiles) character file.

96 Spazmo the Magician (level 4, -9/24 HPs)
             Began as a Deep Elf Fire Elementalist on Oct 5, 2017.
             Killed by divine providence
             ... invoked by an orc priest
              (15 damage)
             ... on level 3 of the Dungeon.
             The game lasted 00:04:20 (1399 turns).

Spazmo the Magician (Deep Elf Fire Elementalist)    Turns: 1399, Time: 00:04:20

Health: -9/24      AC:  3    Str:  5    XL:     4   Next: 41%
Magic:  5/12       EV: 13    Int: 21    God:
Gold:   132        SH:  0    Dex: 15    Spells: 1/11 levels left

rFire    . . .     SeeInvis .   m - +1 short sword
rCold    . . .     Gourm    .   (no shield)
rNeg     . . .     Faith    .   a - +0 robe
rPois    .         Spirit   .   (no helmet)
rElec    .         Reflect  .   (no cloak)
rCorr    .         Harm     .   e - +0 pair of gloves
MR       .....                  (no boots)
Stlth    ++........             (no amulet)
HPRegen  0.08/turn              (no ring)
MPRegen  0.13/turn              (no ring)

@: no status effects
A: no striking features
a: no special abilities


You were on level 3 of the Dungeon.
You were not hungry.

You visited 1 branch of the dungeon, and saw 3 of its levels.

You collected 132 gold pieces.

Inventory:

Hand Weapons
 m - a +1 short sword (weapon)
Missiles
 g - 59 stones (quivered)
Armour
 a - a +0 robe (worn)
 e - a +0 pair of gloves (worn)
Jewellery
 f - a +3 amulet of reflection {unknown}
Scrolls
 j - a scroll of remove curse
Potions
 i - a potion of magic {unknown}
Books
 b - a book of Flames

   Spells                             Type                      Level
   a - Flame Tongue                   Conjuration/Fire             1
   b - Throw Flame                    Conjuration/Fire             2
   c - Conjure Flame                  Conjuration/Fire             3
   d - Inner Flame                    Hexes/Fire                   3
   e - Sticky Flame                   Conjuration/Fire             4
   f - Fireball                       Conjuration/Fire             5
Comestibles
 c - 2 bread rations
 d - a royal jelly
 l - 2 meat rations


   Skills:
 - Level 3.2 Dodging
 - Level 3.0 Stealth
 + Level 4.1 Spellcasting
 + Level 2.4 Conjurations
 + Level 4.0 Fire Magic


You had one spell level left.
You knew the following spells:

 Your Spells              Type           Power        Failure   Level  Hunger
a - Flame Tongue          Conj/Fire      ###..        3%          1    None
b - Throw Flame           Conj/Fire      ###...       4%          2    #......
c - Conjure Flame         Conj/Fire      ###.....     10%         3    ###....
d - Sticky Flame          Conj/Fire      ###.....     30%         4    ####...


Dungeon Overview and Level Annotations

Branches:
Dungeon (3/15)

Altars:
Makhleb


Message History

Press: ? - help, Shift-Dir - straight line, f/p - orc
Aim: an orc, wielding a mace (severely wounded)
The flame tongue hits the orc.
You kill the orc!
Things that are here:
a club; a goblin corpse A quokka comes into view.
The orc priest mumbles some strange prayers to Beogh against you.
Beogh smites you!
Ouch! That really hurt!
* * * LOW HITPOINT WARNING * * *
The quokka barely misses you. The quokka misses you.
All of the chunks of flesh in your inventory have rotted away.
The quokka bites you.
* * * LOW HITPOINT WARNING * * *
The orc priest invokes the aid of Beogh against you.
Beogh smites you!
Ouch! That really hurt!
You die...

## .. .# ######.#
#.#..#.#
#######.#.#.#####
#.....@.r.#.....#
.....#.rr...# #..
#.#.#..# #
#.#.#..# #.#o#..#
#.#.#..# #.#.#..#
..###.#.#..#
...........#


You could see an orc priest and 3 quokkas.

Vanquished Creatures
  A hound (D:2)
  An adder (D:2)
  2 worms (D:2)
  A dart slug (D:1)
  2 leopard geckos
  3 orcs (D:3)
  A giant cockroach (D:1)
  5 hobgoblins
  4 jackals (D:2)
  A quokka (D:2)
  8 bats
  2 frilled lizards (D:1)
  5 goblins
  4 kobolds
  5 rats
45 creatures vanquished.

Notes
Turn   | Place    | Note
-------+----------+-------------------------------------------
     0 | D:1      | Spazmo the Deep Elf Fire Elementalist began the quest for the Orb.
     0 | D:1      | Reached XP level 1. HP: 10/10 MP: 6/6
   167 | D:1      | Reached XP level 2. HP: 15/15 MP: 6/8
   743 | D:2      | Found a burning altar of Makhleb.
   749 | D:2      | Reached XP level 3. HP: 19/19 MP: 6/10
   756 | D:2      | Learned a level 2 spell: Throw Flame
   760 | D:2      | Learned a level 3 spell: Conjure Flame
   929 | D:2      | Found a burning altar of Makhleb.
   932 | D:2      | Reached XP level 4. HP: 24/24 MP: 8/11
   944 | D:2      | Learned a level 4 spell: Sticky Flame
  1399 | D:3      | Killed from afar by an orc priest

Vault maps used:
D:1:      roderic_crossed_star
D:2:      old_standard_altar, st_stairs_3, makhleb_heckhound_becter
D:3:      okawaru_gym_becter, eat_drink_and_be_merry_uskayaw,
          grunt_temple_overflow_diamond

Skill      XL: |  1  2  3  4 |
---------------+-------------+-----
Stealth        | 3 |  3.0
Dodging        | 3 |  3.2
Conjurations   | 2 |  2.4
Spellcasting   | 4 |  4.1
Fire Magic     | 4 |  4.0

Action                   |  1- 3 |  4- 6 || total
-------------------------+-------+-------++-------
Melee: Short sword       |       |     1 ||     1
Throw: Stone             |     1 |       ||     1
 Cast: Flame Tongue      |    50 |    33 ||    83
  Use: Scroll            |     3 |     2 ||     5
  Eat: Chunk             |       |     1 ||     1
Armor: Robe              |     1 |     2 ||     3
Dodge: Dodged            |    10 |    10 ||    20

Table legend:
 A = Spawn XP
 B = Non-spawn XP
 C = Spawn XP percentage of total XP
 D = Spawn monster count
 E = Non-spawn monster count
 F = Spawn count percentage of total count
 G = Total turns spent on level
                    A         B        C        D         E        F      G
               +---------+---------+-------+---------+---------+-------+---------
         Total |       0 |     138 |   0.0 |       0 |      45 |   0.0 |  1399
               +---------+---------+-------+---------+---------+-------+---------
           D:1 |       0 |      30 |   0.0 |       0 |      18 |   0.0 |   624
           D:2 |       0 |      90 |   0.0 |       0 |      20 |   0.0 |   732
           D:3 |       0 |      18 |   0.0 |       0 |       7 |   0.0 |    43
               +---------+---------+-------+---------+---------+-------+---------
